AoeStats
← 拉拉车

Pilgrims

510074943Analyzed
4v4 RM · 1d ago on Sep 29, 2026· 24m 22s· 8 players
Game mode
Random Map
Map size
Large (8 player)
Population
200
Speed
Normal
Resources
Standard
Victory
Conquest
Starting age
Dark Age
Ending age
Imperial Age
RankedLock teamsTeams togetherTeam positionsShared explorationLock speedFull tech treeHidden civsTurbo modeCheats
Victory
Defeat
🇬🇷 Magyars · Greece
1186
+14
🇺🇸 Gurjaras · United States
1166
+15
🇫🇷 Japanese · France
1148
+16
🇹🇷 Turks · Türkiye
1090
+18
🇪🇸 Hindustanis · Spain
1184
-17
🇨🇳 Spanish · China
1154
-16
🇨🇳 Franks · China
1144
-16
🇨🇳 Magyars · China
1102
-14
jordham22
Hypoli
6:50 Loom
11:16 Feudal Age
11:24 Man-at-Arms
14:58 Forging
14:48 Scale Mail Armor
22:49 Town Watch
ertk
3:03 Loom
10:10 Feudal Age
14:48 Castle Age
14:28 Bloodlines
14:20 Fishing Lines
16:15 Wheelbarrow
20:48 Husbandry
23:11 Gillnets
nikos9730
6:02 Loom
10:30 Feudal Age
11:18 Man-at-Arms
16:13 Castle Age
16:28 Demolition Ship
17:19 Fletching
19:15 Wheelbarrow
18:56 Bodkin Arrow
20:26 Scale Barding Armor
21:28 Horse Collar
21:37 Double-Bit Axe
涛哥
13:02 Feudal Age
16:39 Loom
拉拉车
Omega_U
三脚猫功夫
Connection lost

Rejoining the realm…

Still unreachable

The connection could not be restored.

Session expired

The server has moved on; the page needs a fresh start.